TOP OF THE 1ST |
Santa Catalina Condor batting - Pitching for Buckhead Bowties : RHP Matt Howe
|
Pitching: RHP Matt Howe
|
|
Batting: LHB José Castejón
|
0-0: Ball 1-0: Ball 2-0: Ball 3-0: Called Strike 3-1: SINGLE (Line Drive, 6MD, EV 103.8 MPH)
|
Batting: LHB Chun-yeong Pyon
|
0-0: Foul Ball, location: 2F 0-1: Ball 1-1: Ball 2-1: Grounds into double play, 6-4-3 (Groundball, 6MD, EV 103.8 MPH)
|
Batting: LHB Keaton Kringlen
|
0-0: Called Strike 0-1: Foul Ball, location: 2F 0-2: Ball 1-2: Ball 2-2: SOLO HOME RUN (Flyball, 89XD, EV 101.9 MPH), Distance : 405 ft
|
Batting: RHB Ignacio Páez
|
0-0: Called Strike 0-1: Ball 1-1: Ball 2-1: Foul Ball, location: 2F 2-2: Foul Ball, location: 2F 2-2: Ground out 5-3 (Groundball, 56S, EV 86.2 MPH)
|
Top of the 1st over - 1 run, 2 hits, 0 errors, 0 left on base; Santa Catalina 1 - Buckhead 0 |
BOTTOM OF THE 1ST |
Buckhead Bowties batting - Pitching for Santa Catalina Condor : RHP Conor Starks
|
Pitching: RHP Conor Starks
|
|
Batting: LHB Cheong-hun Park
|
0-0: Ball 1-0: Ground out 4-3 (Groundball, 4D, EV 103.8 MPH)
|
Batting: RHB Greg Myers
|
0-0: Ball 1-0: Ball 2-0: Ball 3-0: Called Strike 3-1: Foul Ball, location: 2F 3-2: Fly out, F4 (Popup, 34S, EV 89.4 MPH)
|
Batting: LHB José Eiriz
|
0-0: Called Strike 0-1: Called Strike 0-2: Fly out, F8 (Flyball, 89XD, EV 83.8 MPH)
|
Bottom of the 1st over - 0 runs, 0 hits, 0 errors, 0 left on base; Santa Catalina 1 - Buckhead 0 |
TOP OF THE 2ND |
Santa Catalina Condor batting - Pitching for Buckhead Bowties : RHP Matt Howe
|
Batting: RHB Derek Tyerman
|
0-0: Called Strike 0-1: Called Strike 0-2: Strikes out looking
|
Batting: RHB Ángelo Campos
|
0-0: Called Strike 0-1: Swinging Strike 0-2: SINGLE (Flyball, 7S, EV 93.1 MPH)
|
Batting: LHB Tsugahara Otani
|
0-0: Called Strike 0-1: Foul Ball, location: 2F 0-2: Ball 1-2: Ball 2-2: Foul Ball, location: 2F 2-2: Ball 3-2: Ground out 6-3 (Groundball, 4M, EV 100.6 MPH) Ángelo Campos to second
|
Batting: RHB Brooks Reynolds
|
0-0: Ball 1-0: Ground out 6-3 (Groundball, 6, EV 106.2 MPH)
|
Top of the 2nd over - 0 runs, 1 hit, 0 errors, 1 left on base; Santa Catalina 1 - Buckhead 0 |
BOTTOM OF THE 2ND |
Buckhead Bowties batting - Pitching for Santa Catalina Condor : RHP Conor Starks
|
Batting: SHB Glen Ackland
|
0-0: Called Strike 0-1: Ground out 4-3 (Groundball, 4, EV 111.2 MPH)
|
Batting: RHB Miguel Vargas
|
0-0: Called Strike 0-1: Called Strike 0-2: Strikes out swinging
|
Batting: LHB Tony Fulton
|
0-0: Ball 1-0: SINGLE (Line Drive, 78S, EV 91.2 MPH)
|
Batting: RHB Norberto Pedreiro
|
0-0: Ball 1-0: DOUBLE (Line Drive, 8LXD, EV 108.1 MPH) Tony Fulton to third Runner from 3rd tries for Home, SAFE, throw by CF to home
|
Batting: RHB Howard Moore
|
0-0: Ball Wild Pitch! Norberto Pedreiro to third 1-0: Ball 2-0: Foul Ball, location: 2F 2-1: Foul Ball, location: 2F 2-2: Foul Ball, location: 2F 2-2: Strikes out swinging
|
Bottom of the 2nd over - 1 run, 2 hits, 0 errors, 1 left on base; Santa Catalina 1 - Buckhead 1 |
TOP OF THE 3RD |
Santa Catalina Condor batting - Pitching for Buckhead Bowties : RHP Matt Howe
|
Batting: LHB Turner Barnes
|
0-0: Ball 1-0: Ball 2-0: Ball 3-0: Called Strike 3-1: Foul Ball, location: 2F 3-2: Foul Ball, location: 2F 3-2: Ground out 4-3 (Groundball, 34D, EV 81.9 MPH)
|
Batting: LHB José Castejón
|
0-0: Foul Ball, location: 2F 0-1: Ball 1-1: Ball 2-1: DOUBLE (Line Drive, 78XD, EV 107.5 MPH)
|
Batting: LHB Chun-yeong Pyon
|
0-0: Called Strike 0-1: Ball 1-1: Foul Ball, location: 2F 1-2: Ball 2-2: Ball 3-2: Foul Ball, location: 2F 3-2: Strikes out swinging
|
Batting: LHB Keaton Kringlen
|
0-0: Ball 1-0: Ball 2-0: Swinging Strike 2-1: Foul Ball, location: 2F 2-2: Foul Ball, location: 2F 2-2: Foul Ball, location: 2F 2-2: Foul Ball, location: 2F 2-2: Strikes out swinging
|
Top of the 3rd over - 0 runs, 1 hit, 0 errors, 1 left on base; Santa Catalina 1 - Buckhead 1 |
BOTTOM OF THE 3RD |
Buckhead Bowties batting - Pitching for Santa Catalina Condor : RHP Conor Starks
|
Batting: RHB Ramón Rodríguez
|
0-0: Called Strike 0-1: Ball 1-1: Ball 2-1: Ground out 1-3 (Groundball, 34S, EV 73.1 MPH)
|
Batting: LHB Cheong-hun Park
|
0-0: Ground out U3 (Groundball, 3L, EV 105.0 MPH)
|
Batting: RHB Greg Myers
|
0-0: Called Strike 0-1: Swinging Strike 0-2: Strikes out swinging
|
Bottom of the 3rd over - 0 runs, 0 hits, 0 errors, 0 left on base; Santa Catalina 1 - Buckhead 1 |
TOP OF THE 4TH |
Santa Catalina Condor batting - Pitching for Buckhead Bowties : RHP Matt Howe
|
Batting: RHB Ignacio Páez
|
0-0: Ball 1-0: Swinging Strike 1-1: Foul Ball, location: 2F 1-2: Ball 2-2: Ball 3-2: Ground out 4-3 (Groundball, 4MD, EV 85.6 MPH)
|
Batting: RHB Derek Tyerman
|
0-0: Called Strike 0-1: Ball 1-1: Foul Ball, location: 2F 1-2: Ball 2-2: Ball 3-2: SINGLE (Groundball, 34D, EV 95.0 MPH)
|
Batting: RHB Ángelo Campos
|
0-0: Ball 1-0: Fly out, F9 (Flyball, 9D, EV 92.5 MPH)
|
Batting: LHB Tsugahara Otani
|
0-0: Called Strike 0-1: Ball 1-1: Fly out, F7 (Flyball, 7, EV 92.5 MPH)
|
Top of the 4th over - 0 runs, 1 hit, 0 errors, 1 left on base; Santa Catalina 1 - Buckhead 1 |
BOTTOM OF THE 4TH |
Buckhead Bowties batting - Pitching for Santa Catalina Condor : RHP Conor Starks
|
Batting: LHB José Eiriz
|
0-0: SOLO HOME RUN (Flyball, 9D, EV 93.8 MPH), Distance : 368 ft
|
Batting: SHB Glen Ackland
|
0-0: Ball 1-0: Ball 2-0: Foul Ball, location: 2F 2-1: Foul Ball, location: 2F 2-2: Ball 3-2: Foul Ball, location: 2F 3-2: Strikes out looking
|
Batting: RHB Miguel Vargas
|
0-0: Ball 1-0: Ground out 6-3 (Groundball, 6, EV 81.2 MPH)
|
Batting: LHB Tony Fulton
|
0-0: Ball 1-0: Ball 2-0: Foul Ball, location: 2F 2-1: Ball 3-1: Foul Ball, location: 2F 3-2: Strikes out swinging
|
Bottom of the 4th over - 1 run, 1 hit, 0 errors, 0 left on base; Santa Catalina 1 - Buckhead 2 |
TOP OF THE 5TH |
Santa Catalina Condor batting - Pitching for Buckhead Bowties : RHP Matt Howe
|
Batting: RHB Brooks Reynolds
|
0-0: Fly out, F3 (Popup, 3SF, EV 81.9 MPH)
|
Batting: LHB Turner Barnes
|
0-0: Ball 1-0: Foul Ball, location: 2F 1-1: Swinging Strike 1-2: Ball 2-2: Foul Ball, location: 2F 2-2: Ground out 5-3 (Groundball, 56, EV 80.6 MPH)
|
Batting: LHB José Castejón
|
0-0: Ball 1-0: Ball 2-0: Called Strike 2-1: SINGLE (Groundball, 4D, EV 100.0 MPH)
|
Batting: LHB Chun-yeong Pyon
|
0-0: SINGLE (Line Drive, 56, EV 95.6 MPH) José Castejón to second Runner from 2nd tries for 3rd, SAFE, throw by LF made to third
|
Batting: LHB Keaton Kringlen
|
0-0: Ball 1-0: Ball 2-0: Foul Ball, location: 2F 2-1: Ground out 4-3 (Groundball, 34, EV 92.5 MPH)
|
Top of the 5th over - 0 runs, 2 hits, 0 errors, 2 left on base; Santa Catalina 1 - Buckhead 2 |
BOTTOM OF THE 5TH |
Buckhead Bowties batting - Pitching for Santa Catalina Condor : RHP Conor Starks
|
Batting: RHB Norberto Pedreiro
|
0-0: Ball 1-0: Fly out, F6 (Flyball, 6D, EV 91.9 MPH)
|
Batting: RHB Howard Moore
|
0-0: Ball 1-0: Swinging Strike 1-1: Ball 2-1: Foul Ball, location: 2F 2-2: Foul Ball, location: 2F 2-2: Ground out 5-3 (Groundball, 5L, EV 110.0 MPH)
|
Batting: RHB Ramón Rodríguez
|
0-0: Ball 1-0: Called Strike 1-1: Foul Ball, location: 2F 1-2: SINGLE (Groundball, 4MD, EV 95.6 MPH)
|
Batting: LHB Cheong-hun Park
|
0-0: Ball 1-0: Fly out, F7 (Line Drive, 7, EV 90.6 MPH)
|
Bottom of the 5th over - 0 runs, 1 hit, 0 errors, 1 left on base; Santa Catalina 1 - Buckhead 2 |
TOP OF THE 6TH |
Santa Catalina Condor batting - Pitching for Buckhead Bowties : RHP Matt Howe
|
Batting: RHB Ignacio Páez
|
0-0: Foul Ball, location: 2F 0-1: Ball 1-1: Swinging Strike 1-2: Ball 2-2: Strikes out looking
|
Pitching: RHP Luis Rodríguez
|
|
Batting: RHB Derek Tyerman
|
0-0: Called Strike 0-1: Ball 1-1: Swinging Strike 1-2: Strikes out swinging
|
Batting: RHB Ángelo Campos
|
0-0: Ball 1-0: Foul Ball, location: 2F 1-1: Ball 2-1: Foul Ball, location: 2F 2-2: Foul Ball, location: 2F 2-2: Foul Ball, location: 2F 2-2: Fly out, F9 (Line Drive, 89M, EV 100.0 MPH)
|
Top of the 6th over - 0 runs, 0 hits, 0 errors, 0 left on base; Santa Catalina 1 - Buckhead 2 |
BOTTOM OF THE 6TH |
Buckhead Bowties batting - Pitching for Santa Catalina Condor : RHP Conor Starks
|
Batting: RHB Greg Myers
|
0-0: Ball 1-0: Ball 2-0: Foul Ball, location: 2F 2-1: Ball 3-1: Foul Ball, location: 2F 3-2: Strikes out looking
|
Batting: LHB José Eiriz
|
0-0: Ball 1-0: Fly out, F4 (Flyball, 34D, EV 92.5 MPH)
|
Batting: SHB Glen Ackland
|
0-0: Foul Ball, location: 2F 0-1: Swinging Strike 0-2: Ball 1-2: Strikes out swinging
|
Bottom of the 6th over - 0 runs, 0 hits, 0 errors, 0 left on base; Santa Catalina 1 - Buckhead 2 |
TOP OF THE 7TH |
Santa Catalina Condor batting - Pitching for Buckhead Bowties : RHP Luis Rodríguez
|
Batting: LHB Tsugahara Otani
|
0-0: Ball 1-0: Ball 2-0: Foul Ball, location: 2F 2-1: Swinging Strike 2-2: Foul Ball, location: 2F 2-2: Ball 3-2: Foul Ball, location: 2F 3-2: Base on Balls
|
Batting: RHB Brooks Reynolds
|
0-0: Called Strike Balk! Tsugahara Otani to second 0-1: Ground out 6-3 (Groundball, 6, EV 103.8 MPH)
|
Batting: LHB Turner Barnes
|
0-0: Ball 1-0: Swinging Strike 1-1: Ball Wild Pitch! Tsugahara Otani to third 2-1: Swinging Strike 2-2: Strikes out looking
|
Batting: LHB José Castejón
|
0-0: SINGLE (Groundball, 6MS, EV 67.5 MPH) (infield hit) Tsugahara Otani scores
|
Batting: LHB Chun-yeong Pyon
|
0-0: Ball José Castejón is caught stealing 2nd base 2-6
|
Top of the 7th over - 1 run, 1 hit, 0 errors, 0 left on base; Santa Catalina 2 - Buckhead 2 |
BOTTOM OF THE 7TH |
Buckhead Bowties batting - Pitching for Santa Catalina Condor : RHP Conor Starks
|
Pitching: RHP George King
|
|
Batting: RHB Miguel Vargas
|
0-0: Called Strike 0-1: Ball 1-1: Swinging Strike 1-2: Foul Ball, location: 2F 1-2: Strikes out swinging
|
Batting: LHB Tony Fulton
|
0-0: Fly out, F8 (Flyball, 8LD, EV 106.2 MPH)
|
Batting: RHB Norberto Pedreiro
|
0-0: Swinging Strike 0-1: Swinging Strike 0-2: Foul Ball, location: 2F 0-2: Ball 1-2: Strikes out swinging
|
Bottom of the 7th over - 0 runs, 0 hits, 0 errors, 0 left on base; Santa Catalina 2 - Buckhead 2 |
TOP OF THE 8TH |
Santa Catalina Condor batting - Pitching for Buckhead Bowties : RHP Luis Rodríguez
|
Batting: LHB Chun-yeong Pyon
|
0-0: Called Strike 0-1: Swinging Strike 0-2: Strikes out looking
|
Batting: LHB Keaton Kringlen
|
0-0: Ball 1-0: Ball 2-0: Ground out 4-3 (Groundball, 3D, EV 84.4 MPH)
|
Batting: RHB Ignacio Páez
|
0-0: DOUBLE (Flyball, 89D, EV 104.4 MPH)
|
Pitching: LHP Inunnguaq Lovstrom
|
|
Batting: RHB Derek Tyerman
|
0-0: Called Strike 0-1: Foul Ball, location: 2F 0-2: Ball 1-2: SINGLE (Groundball, 6MD, EV 98.8 MPH) (infield hit) Ignacio Páez to third
|
Batting: RHB Ángelo Campos
|
0-0: Called Strike 0-1: Swinging Strike 0-2: Ball 1-2: Foul Ball, location: 2F 1-2: Foul Ball, location: 2F 1-2: Foul Ball, location: 2F 1-2: Strikes out swinging
|
Top of the 8th over - 0 runs, 2 hits, 0 errors, 2 left on base; Santa Catalina 2 - Buckhead 2 |
BOTTOM OF THE 8TH |
Buckhead Bowties batting - Pitching for Santa Catalina Condor : RHP George King
|
Batting: RHB Howard Moore
|
0-0: Ball 1-0: SINGLE (Groundball, 56D, EV 105.6 MPH)
|
Batting: RHB Ramón Rodríguez
|
0-0: Ball 1-0: Fly out, F6 (Popup, 6S, EV 65.0 MPH)
|
Batting: LHB Cheong-hun Park
|
0-0: Ball 1-0: Called Strike 1-1: Foul Ball, location: 2F 1-2: SINGLE (Line Drive, 9S, EV 92.5 MPH) Howard Moore to second
|
Batting: RHB Greg Myers
|
0-0: Called Strike 0-1: Ball 1-1: Ground out 5-3 (Groundball, 56S, EV 90.6 MPH) Howard Moore to third Cheong-hun Park to second
|
Batting: LHB José Eiriz
|
0-0: Called Strike 0-1: Fly out, F9 (Flyball, 9, EV 90.0 MPH)
|
Bottom of the 8th over - 0 runs, 2 hits, 0 errors, 2 left on base; Santa Catalina 2 - Buckhead 2 |
TOP OF THE 9TH |
Santa Catalina Condor batting - Pitching for Buckhead Bowties : LHP Inunnguaq Lovstrom
|
Pinch Hitting: RHB Herb Thomas
|
0-0: Called Strike 0-1: SINGLE (Line Drive, 8LS, EV 90.0 MPH)
|
Batting: RHB Brooks Reynolds
|
0-0: Called Strike 0-1: Fly out, F9 (Line Drive, 9, EV 103.1 MPH)
|
Pinch Hitting: RHB Jim Hanson
|
0-0: Ball 1-0: Ball 2-0: Ball 3-0: Called Strike 3-1: Fly out, F8 (Flyball, 89M, EV 84.4 MPH)
|
Batting: LHB José Castejón
|
0-0: Ball 1-0: Foul Ball, location: 2F 1-1: Ball 2-1: Fly out, F9 (Flyball, 9D, EV 89.4 MPH)
|
Top of the 9th over - 0 runs, 1 hit, 0 errors, 1 left on base; Santa Catalina 2 - Buckhead 2 |
BOTTOM OF THE 9TH |
Buckhead Bowties batting - Pitching for Santa Catalina Condor : RHP George King
|
Now at 2B: Herb Thomas
|
|
Now at SS: Robbie McClellan
|
|
Batting: SHB Glen Ackland
|
0-0: Called Strike 0-1: Foul Ball, location: 2F 0-2: Ground out 4-3 (Groundball, 4, EV 86.2 MPH)
|
Batting: RHB Miguel Vargas
|
0-0: Ball 1-0: Ball 2-0: Fly out, F7 (Flyball, 7LM, EV 85.0 MPH)
|
Batting: LHB Tony Fulton
|
0-0: Foul Ball, location: 2F 0-1: Ball 1-1: Ball 2-1: Fly out, F7 (Flyball, 7LD, EV 98.8 MPH)
|
Bottom of the 9th over - 0 runs, 0 hits, 0 errors, 0 left on base; Santa Catalina 2 - Buckhead 2 |
TOP OF THE 10TH |
Santa Catalina Condor batting - Pitching for Buckhead Bowties : LHP Inunnguaq Lovstrom
|
Pitching: RHP Walt Gould
|
|
Batting: LHB Chun-yeong Pyon
|
0-0: Ball 1-0: Ball 2-0: Ball 3-0: Base on Balls
|
Batting: LHB Keaton Kringlen
|
0-0: Called Strike 0-1: Swinging Strike 0-2: Strikes out swinging
|
Batting: RHB Ignacio Páez
|
0-0: Swinging Strike 0-1: Foul Ball, location: 2F 0-2: Strikes out swinging
|
Batting: RHB Derek Tyerman
|
0-0: Ball 1-0: Called Strike 1-1: Swinging Strike 1-2: Fielders Choice at 2nd, 6-4 (Groundball, 6, EV 85.0 MPH)
|
Top of the 10th over - 0 runs, 0 hits, 0 errors, 1 left on base; Santa Catalina 2 - Buckhead 2 |
BOTTOM OF THE 10TH |
Buckhead Bowties batting - Pitching for Santa Catalina Condor : RHP George King
|
Pitching: RHP Javier Montés
|
|
Batting: LHB James Moya
|
0-0: Foul Ball, location: 2F 0-1: Ball 1-1: Swinging Strike 1-2: Ball 2-2: Foul Ball, location: 2F 2-2: Strikes out swinging
|
Batting: RHB Howard Moore
|
0-0: Swinging Strike 0-1: Called Strike 0-2: Strikes out swinging
|
Batting: RHB Ramón Rodríguez
|
0-0: Ground out 3-1 (Groundball, 34, EV 90.6 MPH)
|
Bottom of the 10th over - 0 runs, 0 hits, 0 errors, 0 left on base; Santa Catalina 2 - Buckhead 2 |
TOP OF THE 11TH |
Santa Catalina Condor batting - Pitching for Buckhead Bowties : RHP Walt Gould
|
Batting: RHB Ángelo Campos
|
0-0: Called Strike 0-1: Ball 1-1: Swinging Strike 1-2: Ball 2-2: Ball 3-2: Base on Balls
|
Batting: RHB Herb Thomas
|
0-0: Ground out 6-3 (Groundball, 6S, EV 65.0 MPH) Ángelo Campos to second
|
Batting: RHB Brooks Reynolds
|
0-0: Ball 1-0: Swinging Strike 1-1: Ball 2-1: Called Strike 2-2: Foul Ball, location: 2F 2-2: Strikes out swinging
|
Batting: RHB Robbie McClellan
|
0-0: Called Strike 0-1: Foul Ball, location: 2F 0-2: Strikes out swinging
|
Top of the 11th over - 0 runs, 0 hits, 0 errors, 1 left on base; Santa Catalina 2 - Buckhead 2 |
BOTTOM OF THE 11TH |
Buckhead Bowties batting - Pitching for Santa Catalina Condor : RHP Javier Montés
|
Batting: LHB Cheong-hun Park
|
0-0: Called Strike 0-1: Foul Ball, location: 2F 0-2: Foul Ball, location: 2F 0-2: Ball 1-2: Strikes out swinging, 2-3 out at first.
|
Batting: RHB Greg Myers
|
0-0: Ball 1-0: Foul Ball, location: 2F 1-1: Ball 2-1: Ground out 5-3 (Groundball, 56S, EV 80.6 MPH)
|
Batting: LHB José Eiriz
|
0-0: Ball 1-0: Ball 2-0: Ball 3-0: Called Strike 3-1: SINGLE (Groundball, 4D, EV 96.2 MPH)
|
Batting: SHB Glen Ackland
|
0-0: Ball 1-0: Foul Ball, location: 2F 1-1: Foul Ball, location: 2F 1-2: Ball 2-2: Strikes out swinging
|
Bottom of the 11th over - 0 runs, 1 hit, 0 errors, 1 left on base; Santa Catalina 2 - Buckhead 2 |
TOP OF THE 12TH |
Santa Catalina Condor batting - Pitching for Buckhead Bowties : RHP Walt Gould
|
Pitching: RHP Yasuoka Miyazaki
|
|
Batting: LHB José Castejón
|
0-0: Called Strike 0-1: Swinging Strike 0-2: Ball 1-2: Ball 2-2: Foul Ball, location: 2F 2-2: Ground out 4-3 (Groundball, 4, EV 86.9 MPH)
|
Batting: LHB Chun-yeong Pyon
|
0-0: Swinging Strike 0-1: Ball 1-1: Swinging Strike 1-2: Ball 2-2: Strikes out swinging
|
Batting: LHB Keaton Kringlen
|
0-0: Called Strike 0-1: Swinging Strike 0-2: Foul Ball, location: 2F 0-2: Ball 1-2: Ball 2-2: Strikes out swinging
|
Top of the 12th over - 0 runs, 0 hits, 0 errors, 0 left on base; Santa Catalina 2 - Buckhead 2 |
BOTTOM OF THE 12TH |
Buckhead Bowties batting - Pitching for Santa Catalina Condor : RHP Javier Montés
|
Batting: RHB Miguel Vargas
|
0-0: Ball 1-0: Called Strike 1-1: Foul Ball, location: 2F 1-2: Strikes out swinging
|
Batting: LHB Tony Fulton
|
0-0: DOUBLE (Groundball, 3L, EV 104.4 MPH)
|
Batting: LHB James Moya
|
0-0: Intentional Walk
|
Pitching: RHP Josh Pérez
|
|
Batting: RHB Howard Moore
|
0-0: Reached on error, E6 (Groundball, 56, EV 103.8 MPH) Tony Fulton to third James Moya to second
|
Batting: RHB Ramón Rodríguez
|
0-0: Ball 1-0: Foul Ball, location: 2F 1-1: Ball 2-1: Ball 3-1: Foul Ball, location: 2F 3-2: Foul Ball, location: 2F 3-2: Strikes out swinging
|
Batting: LHB Cheong-hun Park
|
0-0: Called Strike 0-1: Swinging Strike 0-2: Ground out U3 (Groundball, 3, EV 82.5 MPH)
|
Bottom of the 12th over - 0 runs, 1 hit, 1 error, 3 left on base; Santa Catalina 2 - Buckhead 2 |
TOP OF THE 13TH |
Santa Catalina Condor batting - Pitching for Buckhead Bowties : RHP Yasuoka Miyazaki
|
Batting: RHB Ignacio Páez
|
0-0: Ball 1-0: Ball 2-0: Ball 3-0: Base on Balls
|
Batting: RHB Derek Tyerman
|
0-0: Ball 1-0: Swinging Strike 1-1: Foul Ball, location: 2F 1-2: Ball 2-2: DOUBLE (Line Drive, 8RXD, EV 99.4 MPH) Ignacio Páez to third
|
Pinch Runner at 2nd Leonard Allen:
|
|
Batting: RHB Ángelo Campos
|
0-0: Ball 1-0: Ball 2-0: Ball 3-0: Called Strike 3-1: Base on Balls
|
Batting: RHB Herb Thomas
|
0-0: Fly out, F8 (Line Drive, 8LD, EV 98.8 MPH) Runner from 3rd tags up, OUT at HOME! 8-2 Leonard Allen to third Ángelo Campos to second
|
Batting: RHB Brooks Reynolds
|
0-0: Ball 1-0: Foul Ball, location: 2F 1-1: Foul Ball, location: 2F 1-2: Fly out, F3 (Popup, 3F, EV 73.8 MPH)
|
Top of the 13th over - 0 runs, 1 hit, 0 errors, 2 left on base; Santa Catalina 2 - Buckhead 2 |
BOTTOM OF THE 13TH |
Buckhead Bowties batting - Pitching for Santa Catalina Condor : RHP Josh Pérez
|
Now in LF: Hsiao-lou Rui
|
|
Batting: RHB Greg Myers
|
0-0: Ball 1-0: Ball 2-0: Ball 3-0: Base on Balls
|
Batting: LHB José Eiriz
|
0-0: Called Strike 0-1: SINGLE (Line Drive, 3D, EV 101.9 MPH) Greg Myers to second
|
Batting: SHB Glen Ackland
|
0-0: SINGLE (Groundball, 6D, EV 100.6 MPH) Greg Myers to third José Eiriz to second Runner from 3rd tries for Home, throw by LF and OUT! 7-2 José Eiriz to third Glen Ackland to second
|
Batting: RHB Miguel Vargas
|
0-0: Called Strike 0-1: Swinging Strike 0-2: Strikes out swinging
|
Batting: LHB Tony Fulton
|
0-0: Foul Ball, location: 2F 0-1: Called Strike 0-2: Foul Ball, location: 2F 0-2: Ball 1-2: Ball 2-2: Ball 3-2: Foul Ball, location: 2F 3-2: Fly out, F7 (Flyball, 7, EV 93.8 MPH)
|
Bottom of the 13th over - 0 runs, 2 hits, 0 errors, 2 left on base; Santa Catalina 2 - Buckhead 2 |
TOP OF THE 14TH |
Santa Catalina Condor batting - Pitching for Buckhead Bowties : RHP Yasuoka Miyazaki
|
Batting: RHB Robbie McClellan
|
0-0: Ball 1-0: Swinging Strike 1-1: Fly out, F7 (Line Drive, 5D, EV 67.5 MPH)
|
Batting: LHB José Castejón
|
0-0: Called Strike 0-1: DOUBLE (Line Drive, 7LM, EV 111.9 MPH)
|
Pitching: LHP Benton Johnston
|
|
Batting: LHB Chun-yeong Pyon
|
0-0: Ball 1-0: Called Strike 1-1: Ball 2-1: Ground out 5-3 (Groundball, 56, EV 88.1 MPH)
|
Batting: LHB Keaton Kringlen
|
0-0: Ball 1-0: Foul Ball, location: 2F 1-1: Ball 2-1: Called Strike 2-2: DOUBLE (Line Drive, 5D, EV 100.6 MPH) José Castejón scores
|
Batting: RHB Ignacio Páez
|
0-0: Ball 1-0: Foul Ball, location: 2F 1-1: Foul Ball, location: 2F 1-2: Foul Ball, location: 2F 1-2: Ball 2-2: Foul Ball, location: 2F 2-2: Foul Ball, location: 2F 2-2: Ground out 6-3 (Groundball, 6, EV 80.0 MPH)
|
Top of the 14th over - 1 run, 2 hits, 0 errors, 1 left on base; Santa Catalina 3 - Buckhead 2 |
BOTTOM OF THE 14TH |
Buckhead Bowties batting - Pitching for Santa Catalina Condor : RHP Josh Pérez
|
Batting: LHB James Moya
|
0-0: Ball 1-0: Called Strike 1-1: Foul Ball, location: 2F 1-2: Strikes out swinging
|
Batting: RHB Howard Moore
|
0-0: Ball 1-0: Fly out, F8 (Flyball, 8LM, EV 95.0 MPH)
|
Pinch Hitting: RHB Ieremia Mohala
|
0-0: Ball 1-0: Foul Ball, location: 2F 1-1: Ball 2-1: Called Strike 2-2: Fly out, F8 (Flyball, 89D, EV 93.1 MPH)
|
Bottom of the 14th over - 0 runs, 0 hits, 0 errors, 0 left on base; Santa Catalina 3 - Buckhead 2 |
|